 Dungeon Crawl Stone Soup version 0.28.0 (webtiles) character file.

Game seed: 7345595899890671688

79 crazypyro the Chopper (level 4, 0/40 HPs)
             Began as a Minotaur Fighter on Feb 10, 2022.
             Slain by a sky beast (2 damage)
             ... on level 3 of the Dungeon.
             The game lasted 00:01:30 (1904 turns).

crazypyro the Chopper (Minotaur Fighter)            Turns: 1904, Time: 00:01:30

Health: 0/40       AC:  8    Str: 23    XL:     4   Next: 16%
Magic:  3/3        EV:  9    Int:  5    God:
Gold:   120        SH:  4    Dex:  9    Spells: 3/3 levels left

rFire   . . .      SeeInvis .   a - +0 war axe
rCold   . . .      Faith    .   c - +0 buckler
rNeg    . . .      Spirit   .   b - +0 scale mail
rPois   .          Reflect  .   (helmet restricted)
rElec   .          Harm     .   (no cloak)
rCorr   .          Rampage  .   (no gloves)
Will    .....                   m - +0 pair of boots
Stlth   ..........              (no amulet)
HPRegen 0.13/turn               (no ring)
MPRegen 0.08/turn               (no ring)

@: mighty
A: horns 2, retaliatory headbutt
a: no special abilities


You were on level 3 of the Dungeon.
You visited 1 branch of the dungeon, and saw 3 of its levels.

You collected 120 gold pieces.

Inventory:

Hand Weapons
 a - a +0 war axe (weapon)
Armour
 b - a +0 scale mail (worn)
 c - a +0 buckler (worn)
 m - a +0 pair of boots (worn)
Jewellery
 o - a ring of protection from cold
Scrolls
 e - a scroll of acquirement {unknown}
 f - a scroll of identify {unknown}
 g - a scroll of vulnerability {unknown}
 h - a scroll of amnesia {unknown}
 j - a scroll of fog {unknown}
 k - a scroll of torment {unknown}
 n - a scroll of blinking {unknown}
Potions
 i - a potion of attraction {unknown}
 l - a potion of mutation {unknown}


   Skills:
 - Level 4.0 Fighting
 * Level 4.5 Axes
 - Level 4.0 Armour
 - Level 4.0 Shields


You had 3 spell levels left.
You didn't know any spells.
Your spell library contained the following spells:

 Spells                   Type           Power      Damage    Failure   Level
 Blink                    Tloc           0%         N/A       95%         2
 Lesser Beckoning         Tloc           0%         N/A       99%         3
 Manifold Assault         Tloc           0%         N/A       100%        5


Dungeon Overview and Level Annotations

Branches:
Dungeon (3/15)

Altars:

Shops:
D:2 (


Innate Abilities, Weirdness & Mutations

You have a pair of horns on your head.
You reflexively headbutt those who attack you in melee.


Message History

Deactivating autopickup; reactivate with Ctrl-A.
No target in view!
No target in view!
You miss something. Something hits you. Something shocks you.
Something completely misses you.
You miss something.
A sky beast appears from thin air!
Reactivating autopickup.
The sky beast hits you. The sky beast shocks you.
You closely miss the sky beast.
The sky beast hits you but does no damage.
The sky beast closely misses you.
You closely miss the sky beast.
The sky beast flickers out of sight!
Deactivating autopickup; reactivate with Ctrl-A.
Something hits you. Something shocks you.
You miss something. Your headbutt misses something.
Something hits you but does no damage.
You barely miss something. Your headbutt misses something.
Something hits you but does no damage.
You hit something. Something hits you but does no damage.
A sky beast appears from thin air!
Reactivating autopickup.
The sky beast barely misses you.
You slash the sky beast! Your headbutt misses the sky beast.
The sky beast is severely wounded.
The sky beast flickers out of sight!
Deactivating autopickup; reactivate with Ctrl-A.
Something hits you but does no damage.
Sorry, you're not good enough to have a special ability.
You feel very mighty all of a sudden. Something hits you. Something shocks you.
* * * LOW HITPOINT WARNING * * *
You miss something. Something hits you but does no damage.
You miss something. Something hits you.
* * * LOW HITPOINT WARNING * * *
Something shocks you.
* * * LOW HITPOINT WARNING * * *
You miss something.
A sky beast appears from thin air!
Reactivating autopickup.
The sky beast hits you.
You die...

..# #....... ...#
#........ ...
+........ ###..
#........ ##...
##....... ...
##.....# #.# ##...##
#Y# #######+## #@#
#........## #.#
#.#####..#.
###.######.##.......
#.......##.##.#...#.
#.#.###.##.##......#
#.#.# #.##.##.#...##
#.#.###.##........##
#.#...........######
#.......#######


You could see a sky beast.

Vanquished Creatures
  2 adders
  2 dart slugs (D:1)
  An orc (D:2)
  8 ball pythons
  8 endoplasms
  2 giant cockroaches (D:1)
  3 goblins (D:1)
  3 hobgoblins
  5 jackals (D:1)
  2 kobolds
  4 quokkas
  5 bats
  2 frilled lizards
  2 rats (D:1)
49 creatures vanquished.

Vanquished Creatures (others)
  A fungus (D:1)
1 creature vanquished.

Grand Total: 50 creatures vanquished

Notes
Turn   | Place    | Note
-------+----------+-------------------------------------------
     0 | D:1      | crazypyro the Minotaur Fighter began the quest for the Orb.
     0 | D:1      | Reached XP level 1. HP: 19/19 MP: 0/0
    59 | D:1      | Reached XP level 2. HP: 24/27 MP: 1/1
    92 | D:1      | Found a faded altar of an unknown god.
   394 | D:1      | Reached XP level 3. HP: 32/33 MP: 2/2
   855 | D:2      | Found Gete's Antique Weapon Emporium.
  1569 | D:3      | Reached XP level 4. HP: 40/40 MP: 3/3
  1888 | D:3      | Noticed a sky beast
  1903 | D:3      | HP: 2/40 [something (6)]
  1904 | D:3      | Slain by a sky beast

Illustrated notes

Levels and vault maps discovered:
D:1:      dpeg_arrival_stone_temple_mockup, layout_basic,
          shapermc_ecumenical_altar_acropolis, serial_curves, eino_curves_03,
          eino_curves_02, eino_curves_04
D:2:      layout_loops_ring, serial_shops, nicolae_shop_behind_doors,
          minmay_misc_feat_diagonals
D:3:      layout_loops_corners

Skill      XL: |  1  2  3 |
---------------+----------+-----
Fighting       | 4 |  4.0
Shields        | 4 |  4.0
Armour         | 4 |  4.0
Axes           | 3 4 |  4.5

Action                   |  1- 3 |  4- 6 || total
-------------------------+-------+-------++-------
Melee: War axe           |    82 |    27 ||   109
       Headbutt          |    15 |     2 ||    17
  Use: Potion            |       |     1 ||     1
Armor: Scale mail        |    32 |    15 ||    47
Dodge: Dodged            |    40 |    11 ||    51
Block: Buckler           |    19 |     3 ||    22
